 Dungeon Crawl Stone Soup version 0.25-b1-23-ge2ad7d536c (webtiles) character file.

Game seed: 5903124036811182715, levelgen mode: deterministic

447 grindst0ne the Sneak (level 6, 0/47 HPs)
             Began as a Vampire Gladiator on June 3, 2020.
             Slain by an iguana (11 damage)
             ... on level 4 of the Dungeon.
             The game lasted 00:06:48 (2968 turns).

grindst0ne the Sneak (Vampire Gladiator)            Turns: 2968, Time: 00:06:49

Health: 0/47       AC:  7    Str: 14    XL:     6   Next: 73%
Magic:  6/6        EV: 15    Int: 12    God:
Gold:   99         SH:  0    Dex: 21    Spells: 5/5 levels left

rFire    . . .     SeeInvis +   u - +0 rapier
rCold    + . .     Gourm    .   (no shield)
rNeg     . . .     Faith    .   b - +0 leather armour
rPois    .         Spirit   .   c - +0 helmet
rElec    .         Reflect  .   r - +0 cloak {Stlth+}
rCorr    .         Harm     .   n - +1 pair of gloves
MR       .....                  (no boots)
Stlth    +++.......             (no amulet)
HPRegen  0.35/turn              q - ring of protection from cold
MPRegen  0.10/turn              m - +6 ring of dexterity

@: regenerating quickly
A: no food, fangs 3, see invisible, unbreathing
a: Exsanguinate


You were on level 4 of the Dungeon.
You were alive.

You visited 1 branch of the dungeon, and saw 4 of its levels.

You collected 99 gold pieces.

Inventory:

Hand Weapons
 a - a +0 long sword
 u - a +0 rapier (weapon)
Missiles
 d - 3 throwing nets (quivered)
Armour
 b - a +0 leather armour (worn)
 c - a +0 helmet (worn)
 n - a +1 pair of gloves (worn)
 r - a +0 cloak of stealth (worn)
Jewellery
 i - an uncursed ring of protection from fire
 m - a +6 ring of dexterity (right hand)
 q - a ring of protection from cold (left hand)
 v - a cursed ring of attention {unknown}
Scrolls
 f - a scroll of immolation {unknown}
 h - 2 scrolls of teleportation
 k - a scroll of fear {unknown}
 l - 2 scrolls of remove curse
 o - a scroll of magic mapping
 t - a scroll of enchant armour {unknown}
Potions
 e - a potion of curing
 g - a potion of magic
 j - a potion of ambrosia {unknown}
 p - a potion of mutation
 s - a potion of brilliance {unknown}


   Skills:
 + Level 3.6 Fighting
 + Level 4.6 Long Blades
 - Level 1.5 Throwing
 + Level 4.9 Dodging
 + Level 5.4 Stealth


You had 5 spell levels left.
You didn't know any spells.
Your spell library was empty.

Dungeon Overview and Level Annotations

Branches:
Dungeon (4/15)             Temple (0/1) D:4

Altars:
Cheibriados
The Shining One


Innate Abilities, Weirdness & Mutations

You do not eat.
Your natural rate of healing is unusually fast.
You have razor-sharp teeth.
You have supernaturally acute eyesight. (SInv)
You can survive without breathing.


Message History

You barely miss the gnoll. You bite the gnoll.
The gnoll is severely wounded.
The gnoll hits you with a +0 spear.
You puncture the gnoll!
You kill the gnoll!
Things that are here:
a +0 spear; a ration The iguana barely misses you.
Found a staircase to the Ecumenical Temple.
You hit the iguana. Your bite misses the iguana.
The iguana is moderately wounded.
The iguana barely misses you.
You hit the iguana but do no damage.
The iguana is moderately wounded.
The iguana bites you!
* * * LOW HITPOINT WARNING * * *
You hit the iguana.
The iguana is moderately wounded.
The iguana bites you!
You die...

. ##......... #..
##..##.#.... #..#
##...#.## ..
#..###.......##..
.#...#....[......#
........)<........
....#.....).....##
.[. #...).....###
.# #..@.[.....#
#....l..........#
....#..#..........
...#..............
#....##...##......
.....##...##......
..................
..... >....#.


You could see an iguana.

Vanquished Creatures
  A centaur skeleton (D:4)
  A gnoll shaman (D:3)
  An orc priest (D:3)
  2 hounds
  Crazy Yiuf (D:2)
  An orc wizard (D:3)
  2 worker ants (D:4)
  4 adders
  3 gnolls
  An ooze (D:3)
  A worm (D:2)
  14 dart slugs
  3 leopard geckos
  15 orcs
  7 bats
  2 giant cockroaches
  A goblin (D:2)
  9 hobgoblins
  2 jackals (D:1)
  A quokka (D:3)
  5 frilled lizards
  7 kobolds
  6 rats
90 creatures vanquished.

Notes
Turn   | Place    | Note
-------+----------+-------------------------------------------
     0 | D:1      | grindst0ne the Vampire Gladiator began the quest for the
                  | Orb.
     0 | D:1      | Reached XP level 1. HP: 16/16 MP: 1/1
    22 | D:1      | Reached skill level 1 in Stealth
    56 | D:1      | Reached XP level 2. HP: 22/22 MP: 2/2
   129 | D:1      | Found a glowing golden altar of the Shining One.
   267 | D:1      | Reached skill level 2 in Stealth
   516 | D:2      | Reached XP level 3. HP: 27/27 MP: 3/3
   840 | D:2      | Reached XP level 4. HP: 23/34 MP: 4/4
  1206 | D:2      | Reached skill level 3 in Stealth
  1310 | D:2      | Found a runed translucent door.
  1311 | D:2      | Noticed Crazy Yiuf
  1648 | D:2      | Killed Crazy Yiuf
  1942 | D:3      | Reached XP level 5. HP: 39/40 MP: 5/5
  1953 | D:3      | Reached skill level 4 in Stealth
  2026 | D:3      | Found a snail-covered altar of Cheibriados.
  2581 | D:4      | Reached XP level 6. HP: 42/47 MP: 6/6
  2715 | D:4      | Reached skill level 5 in Stealth
  2965 | D:4      | Found a staircase to the Ecumenical Temple.
  2968 | D:4      | Slain by an iguana

Illustrated notes

Levels and vault maps discovered:
D:1:      tarquinn_simple_flora_water_d, layout_rooms, kennysheep_crisscross,
          tso_altar
D:2:      layout_loops_ring, uniq_crazy_yiuf_cottage
D:3:      kennysheep_slugbush, layout_basic, lemuel_crystal_altar
D:4:      layout_cave_pools, minmay_temple_entry_stoned_glass,
          hangedman_abyss_or_decor_stabs, uniq_robin, uniq_eustachio,
          uniq_sigmund

Skill      XL: |  1  2  3  4  5  6 |
---------------+-------------------+-----
Stealth        | 1 2 3 4 5 |  5.4
Fighting       | 2 3 |  3.6
Dodging        | 4 |  4.9
Long Blades    | 4 |  4.6
Throwing       | |  1.5

Action                   |  1- 3 |  4- 6 || total
-------------------------+-------+-------++-------
Melee: Long sword        |    92 |   100 ||   192
       Bite              |     2 |    33 ||    35
       Unarmed           |       |    12 ||    12
       Rapier            |       |    97 ||    97
Throw: Throwing net      |       |     1 ||     1
  Use: Scroll            |       |     7 ||     7
 Stab: Sleeping          |     3 |     3 ||     6
Armor: Leather armour    |    32 |    55 ||    87
Dodge: Dodged            |    66 |   185 ||   251
       Rpst.: Long sword |    25 |    11 ||    36
